[Event "BL 2024-25"]
[Site "Austria"]
[Date "2024.10.12"]
[Round "4.31"]
[White "Kadric, Denis"]
[Black "Nisipeanu, Liviu-Dieter"]
[Result "1/2-1/2"]
[Annotator "TA"]
[ECO "C55"]
[WhiteElo "2558"]
[BlackElo "2584"]
[PlyCount "123"]
[EventDate "2024.08.28"]
[EventType "team-tourn"]
[EventCountry "AUT"]
[SourceTitle "playchess.com"]
[Source "ChessBase"]
[SourceQuality "1"]
[WhiteTeam "Pinggau-Friedberg"]
[BlackTeam "Mayrhofen-Zell-Ziller"]
[TimeControl "40/5400+30:1800+30"]

1. e4 e5 2. Nf3 Nc6 3. Bc4 Nf6 4. d3 Be7 5. Nc3 d6 6. a3 O-O {[%emt 0:00:07] C55: Two Knights: 4 d3, 4 d4 exd4 5 e5 and Max Lange Attack.} 7. Be3 Be6 8. Ng5 Bxc4 9. dxc4 Nb8 10. Qe2 $146 ({Predecessor:} 10. h3 Nbd7 11. Qe2 c6 12. O-O-O a6 13. f4 Qa5 14. Bd2 Qc7 15. Nf3 b5 16. g4 {0-1 So,W (2752)-Lazavik,D (2578) Julius Baer GenCup D2 W rapid 2024 (5.3)}) 10... Nbd7 11. O-O-O c6 12. Rhg1 Qa5 13. Nf3 d5 14. Bd2 d4 15. Nd5 Qd8 16. Nxf6+ Bxf6 17. g4 Qe8 18. h4 Qe6 19. Kb1 Rab8 20. c3 b5 21. cxd4 exd4 22. Bc1 c5 23. cxb5 Nb6 24. Qc2 Nc4 25. Rd3 Rxb5 26. g5 Be7 27. Nd2 Nxd2+ 28. Rxd2 Bd6 29. Rdd1 (29. Rgd1 $17) 29... Rfb8 $1 $19 30. f4 $2 (30. e5 Qxe5 (30... Bxe5 31. Rge1 $19) 31. Ka1) 30... c4 $2 (30... Bxf4 31. Rg2 Bxc1 32. Rxc1 g6) 31. Rxd4 $19 {[%emt 0:00:44] [#]} Bc5 $1 (31... Bxa3 32. Rgd1 $18) 32. f5 Qe8 (32... Qa6 $19 33. Rgd1 Bxd4 (33... Qxa3 34. Rd8+ Bf8 35. Rxb8 $18) (33... Bxa3 34. Rd8+ Bf8 35. Rxb8 $14) 34. Rxd4 Qxa3 35. Rxc4 Ra5 36. Rc8+ Rxc8 37. Qxc8+ Qf8) 33. Rgd1 $15 Bxd4 (33... Bxa3 34. Rxc4 (34. Qxc4 Bxb2 35. Bxb2 Rxb2+ 36. Ka1 R2b7 $15) 34... Bxb2 35. Bxb2 $11) 34. Rxd4 Rc8 35. Rxc4 (35. Bd2 $1 $11) 35... Rxc4 $15 36. Qxc4 Re5 37. g6 hxg6 (37... Rxe4 $2 38. gxf7+ Qxf7 39. Qxe4 $18) 38. fxg6 Qe6 (38... Rxe4 $2 {is the wrong capture.} 39. gxf7+ Qxf7 40. Qxe4 $18) 39. gxf7+ Qxf7 (39... Kxf7 $2 40. Qc2 $19) 40. Qd4 Re7 41. Bg5 Rd7 42. Qc5 Qe6 43. Qf5 Qc6 44. Qf3 Rd4 45. Qb3+ Kh8 46. Qf7 Qxe4+ 47. Ka2 Rd5 48. Bc1 (48. Qf4 $17 {was necessary.} Qe6 49. Qc4) 48... a5 $19 49. h5 Rf5 50. Qg6 Qd5+ 51. b3 Rf2+ (51... Rxh5 $19 {Hoping for ...Rh2+.} 52. Bb2 Rg5 53. Qh6+ Kg8) 52. Bb2 $17 Qe5 53. Qb1 Qxh5 54. a4 (54. Qg1 $15 Rf7 55. Qg2) 54... Qd5 (54... Qe5 $142 {...Kg8 would now be deadly.} 55. Ka3 Qc5+ 56. Ka2 Qc2 57. Qxc2 Rxc2) 55. Ka1 (55. Qc1 $17 Rg2 56. Qc7) 55... Kg8 $19 (55... Qxb3 56. Bxg7+ Kxg7 57. Qxb3 $18) 56. Qg6 {[%emt 0:00:40] [#]} Qd1+ $2 ({Not} 56... Qxb3 57. Qxg7#) (56... Rg2 $1 $19 57. Qe8+ Kh7) 57. Ka2 $15 Qd7 58. Qg5 (58. Qe4 $15) 58... Qd4 $19 59. Qc1 Qg4 ({Black should play} 59... Rd2 $19 {aiming for ...Kf7.} 60. Ka3 Qd8) 60. Qc6 Rh2 (60... Qh5 $15) 61. Qd5+ $11 Kh7 62. Qxa5 1/2-1/2

[Event "BL 2024-25"]
[Site "Austria"]
[Date "2024.10.12"]
[Round "4.32"]
[White "Vogel, Roven"]
[Black "Petrov, Nikita"]
[Result "1/2-1/2"]
[Annotator "RC"]
[ECO "A13"]
[WhiteElo "2559"]
[BlackElo "2589"]
[PlyCount "61"]
[EventDate "2024.08.28"]
[EventType "team-tourn"]
[EventCountry "AUT"]
[SourceTitle "playchess.com"]
[Source "ChessBase"]
[SourceQuality "1"]
[WhiteTeam "Mayrhofen-Zell-Ziller"]
[BlackTeam "Pinggau-Friedberg"]
[TimeControl "40/5400+30:1800+30"]

1. c4 Nf6 2. g3 e6 3. Bg2 d5 4. Nf3 dxc4 5. Qa4+ Bd7 6. Qxc4 c5 7. Ne5 Qc8 8. Qd3 Nc6 9. Nxd7 Nxd7 10. Nc3 Be7 11. O-O O-O 12. b3 Nde5 13. Qe3 Qd7 14. d3 Rac8 15. Bb2 b6 16. Rad1 f5 17. Qc1 Bf6 18. Qb1 Rfd8 19. Nb5 Qf7 20. d4 Nxd4 21. Bxd4 cxd4 22. Nxd4 Rxd4 23. Rxd4 Nf3+ 24. Bxf3 Bxd4 25. Qd3 Bf6 26. Rd1 g6 27. Qa6 Qc7 28. Bb7 Rb8 29. Bf3 Rd8 30. Rxd8+ Bxd8 31. Bb7 1/2-1/2

[Event "BL 2024-25"]
[Site "Austria"]
[Date "2024.10.12"]
[Round "4.33"]
[White "Erdos, Viktor"]
[Black "Votava, Jan"]
[Result "1/2-1/2"]
[Annotator "TA"]
[ECO "D97"]
[WhiteElo "2538"]
[BlackElo "2441"]
[PlyCount "41"]
[EventDate "2024.08.28"]
[EventType "team-tourn"]
[EventCountry "AUT"]
[SourceTitle "playchess.com"]
[Source "ChessBase"]
[SourceQuality "1"]
[WhiteTeam "Pinggau-Friedberg"]
[BlackTeam "Mayrhofen-Zell-Ziller"]
[TimeControl "40/5400+30:1800+30"]

1. d4 Nf6 2. c4 g6 3. Nc3 d5 4. Nf3 Bg7 5. Qb3 dxc4 6. Qxc4 O-O 7. e4 a6 8. Be2 b5 9. Qb3 c5 10. dxc5 Be6 11. Qc2 Nbd7 12. Be3 Rc8 13. Rd1 {[%emt 0:00:16] Hoping for b4.} b4 $1 14. Nd5 Bxd5 15. exd5 {[%emt 0:00:07][%cal Oc5c6] [#] aiming for c6!} Nxc5 16. O-O ({Much worse is} 16. Bxc5 Qa5 (16... Nxd5 $2 {perishes.} 17. O-O $18) 17. Bxb4 Qxb4+ 18. Qd2 Qe4 $15 (18... Nxd5 19. O-O $15)) 16... a5 17. Rfe1 Nb7 {[%emt 0:00:58] A dynamic duo of knights.} 18. Qd3 Nc5 19. Qc2 Nb7 20. Qd3 Nc5 21. Qc2 {[%emt 0:04:26] An uneventful encounter.   Weighted Error Value: White=0.06 (flawless) /Black=0.03 (flawless) .  Inaccurate:     	---       	Black=1      OK:         	White=5     	Black=7      Best:        	---       	Black=1      Strong:       	---       	Black=1} 1/2-1/2

[Event "BL 2024-25"]
[Site "Austria"]
[Date "2024.10.12"]
[Round "4.34"]
[White "Maiwald, Jens-Uwe"]
[Black "Sankalp Gupta"]
[Result "0-1"]
[Annotator "TA"]
[ECO "C00"]
[WhiteElo "2429"]
[BlackElo "2534"]
[PlyCount "72"]
[EventDate "2024.08.28"]
[EventType "team-tourn"]
[EventCountry "AUT"]
[SourceTitle "playchess.com"]
[Source "ChessBase"]
[SourceQuality "1"]
[WhiteTeam "Mayrhofen-Zell-Ziller"]
[BlackTeam "Pinggau-Friedberg"]
[TimeControl "40/5400+30:1800+30"]

1. e4 e6 2. d3 d5 3. Qe2 Nc6 4. Nf3 e5 5. exd5 Qxd5 6. Nc3 Bb4 7. Bd2 Bxc3 8. Bxc3 {[%emt 0:00:07] Die Stellung ist ausgeglichen.} Bg4 9. h3 Bxf3 10. Qxf3 Qxf3 11. gxf3 f6 {[%emt 0:01:13] [#]} 12. f4 $1 exf4 13. Rg1 Kf7 14. Bg2 Nge7 {[%emt 0:01:07] Wehrt Bd5+ ab} 15. O-O-O Rad8 16. Rde1 g5 17. h4 h6 18. Bf3 (18. hxg5 hxg5 19. Be4 Rh2 $17) 18... Ng6 19. Bh5 {[%emt 0:01:33] Das Läuferpaar ist gut.} (19. Re4 $11) 19... Rde8 ({Besser ist} 19... Nd4 $1 $17) 20. Re4 {[%emt 0:02:43] Schwarz hat alles unter Kontrolle.} (20. Rxe8 $11 Rxe8 21. a4) 20... Rxe4 $17 21. dxe4 Re8 22. f3 Nce5 23. b3 Re7 (23... gxh4 $2 {zu gefräßig.} 24. Bxe5 Rxe5 25. Bxg6+ Ke6 26. Bf5+ Kd6 27. Rg6 $18) 24. Be1 Ke6 25. Bf2 Nxh4 26. Bxh4 gxh4 $19 {[%emt 0:00:02][%mdl 4096] Endspiel. KRB-KRN} 27. Rh1 Rg7 $1 28. Rxh4 Rg5 $1 29. Kd1 {[%emt 0:00:06] [#]} f5 $1 30. exf5+ Kxf5 31. Rh2 Rg3 32. Ke2 Rg1 33. Be8 {[%emt 0:05:09] [#]} (33. a4 $142) 33... Re1+ $3 34. Kf2 {[%emt 0:00:04] Und Rh5+ würde nun gewinnen.} Rc1 ({Schwächer ist} 34... Nxf3 35. Bd7+ Ke4 36. Rxh6 $11) 35. Rh5+ Kf6 36. Rxh6+ Ke7 {[%emt 0:01:05] Gewichteter Fehlerwert: Weiß=0.20 (präzise) /Schwarz=0.07 (makellos) .  Fehler:       	Weiß=3     	Schwarz=1     Ungenau:       	Weiß=1     	---        OK:         	Weiß=10    	Schwarz=13    Bester:       	Weiß=3     	Schwarz=2     Stark:        	---       	Schwarz=2     Brilliant:      	---       	Schwarz=1} 0-1

[Event "BL 2024-25"]
[Site "Austria"]
[Date "2024.10.12"]
[Round "4.35"]
[White "Perunovic, Milos"]
[Black "Platzgummer, Fabian"]
[Result "1/2-1/2"]
[Annotator "TA"]
[ECO "B33"]
[WhiteElo "2525"]
[BlackElo "2301"]
[PlyCount "60"]
[EventDate "2024.08.28"]
[EventType "team-tourn"]
[EventCountry "AUT"]
[SourceTitle "playchess.com"]
[Source "ChessBase"]
[SourceQuality "1"]
[WhiteTeam "Pinggau-Friedberg"]
[BlackTeam "Mayrhofen-Zell-Ziller"]
[TimeControl "40/5400+30:1800+30"]

1. e4 c5 2. Nf3 Nc6 3. d4 cxd4 4. Nxd4 Nf6 5. Nc3 e5 6. Ndb5 d6 7. Bg5 a6 8. Na3 b5 9. Bxf6 gxf6 10. Nd5 Bg7 11. c3 f5 12. exf5 Bxf5 13. Nc2 Ne7 14. Nxe7 Bxc2 15. Qxc2 Qxe7 16. Rd1 O-O 17. Qf5 e4 {[%emt 0:09:55][%cal Ob5b4] Dodges Bd3} 18. Be2 {[%emt 0:01:33] White has an edge.} Qe5 19. Qxe5 Bxe5 20. O-O f5 21. f4 exf3 22. Rxf3 Kg7 23. g3 f4 24. Rdf1 fxg3 {[%emt 0:00:29] The position is equal.} 25. hxg3 Rxf3 26. Rxf3 Rf8 27. Rxf8 Kxf8 $11 {[%emt 0:00:01] KB-KB} 28. Kg2 Ke7 29. Kf3 d5 30. Bd3 h6 {[%emt 0:00:08] Weighted Error Value: White=0.09 (flawless) /Black=0.04 (flawless) .  Inaccurate:     	White=3     	Black=1      OK:         	White=3     	Black=9      Best:        	---       	Black=1} 1/2-1/2

[Event "BL 2024-25"]
[Site "Austria"]
[Date "2024.10.12"]
[Round "4.36"]
[White "Tabernig, Bernhard"]
[Black "Ivanisevic, Ivan"]
[Result "0-1"]
[Annotator "TA"]
[ECO "E32"]
[WhiteElo "2256"]
[BlackElo "2519"]
[PlyCount "64"]
[EventDate "2024.08.28"]
[EventType "team-tourn"]
[EventCountry "AUT"]
[SourceTitle "playchess.com"]
[Source "ChessBase"]
[SourceQuality "1"]
[WhiteTeam "Mayrhofen-Zell-Ziller"]
[BlackTeam "Pinggau-Friedberg"]
[TimeControl "40/5400+30:1800+30"]

1. d4 Nf6 2. c4 e6 3. Nc3 Bb4 4. Qc2 O-O 5. a3 Bxc3+ 6. Qxc3 b6 7. Bg5 c5 8. Nf3 h6 9. Bh4 Bb7 10. e3 {[%emt 0:01:12] The position is equal.} cxd4 11. Qxd4 Nc6 12. Qd1 g5 13. Bg3 Ne4 14. Bd3 Nxg3 15. hxg3 Qf6 16. Bc2 (16. Qe2 $11) 16... Rfd8 17. Nh2 (17. Qe2 $15) 17... Ne5 ({Black should play} 17... Qxb2 $19 18. O-O Rac8 (18... Ne5 19. Rb1 $15)) 18. f4 {[%emt 0:00:25] [#]} (18. O-O $17) 18... Bxg2 $2 (18... Nxc4 19. Ng4 Qxb2 20. O-O $15) ({Better is} 18... gxf4 $1 $19 19. gxf4 (19. Ng4 $2 Qg7 $17) 19... Nxc4 (19... Bxg2 20. fxe5 Qh4+ 21. Ke2 $16)) 19. fxe5 (19. Rg1 $1 $11 {was the only way to keep the balance.} Nxc4 20. Ng4 Qxb2 21. Rxg2) 19... Qxe5 $17 20. Kf2 (20. Ng4 $17 Qxg3+ 21. Kd2) 20... Bxh1 $19 21. Ng4 Qxb2 {[%emt 0:01:28] ...Be4 would now be deadly.} 22. Rb1 Qc3 (22... Qxa3 23. Qd4 Kf8 24. Rxh1 $16) 23. Rc1 {[%emt 0:03:45] [#]} Qh8 {[%emt 0:10:06] Prevents Bh7+.} 24. Qxh1 h5 25. Qxh5 Qxh5 26. Nf6+ {[%emt 0:00:02] [#]} Kf8 $1 27. Nxh5 Rac8 28. Bd3 (28. Bb3 $142) 28... d5 29. Kf3 Rc5 30. Be2 b5 31. Rb1 dxc4 32. Nf6 (32. g4 $142) 32... Rf5+ {[%emt 0:22:24] Weighted Error Value: White=0.55/Black=0.16 (very precise) .  Missed win:     	---       	Black=1      Mistake:       	White=7     	Black=1      Inaccurate:     	White=1     	Black=1      OK:         	White=6     	Black=13     Best:        	White=2     	Black=2      Strong:       	---       	Black=1} 0-1